 Dungeon Crawl Stone Soup version 0.30.0-29-ga12c61a403 (webtiles) character file.

Game seed: 10529382092792031679

5382 Graphine the Cleaver (level 10, -2/84 HPs)
             Began as a Hill Orc Fighter on June 18, 2023.
             Was a Believer of Beogh.
             Slain by an acid dragon (3 damage)
             ... on level 9 of the Dungeon.
             The game lasted 00:17:57 (8713 turns).

Graphine the Cleaver (Hill Orc Fighter)             Turns: 8713, Time: 00:18:00

Health: -2/84      AC: 16    Str: 28    XL:     10   Next: 66%
Magic:  15/15      EV: 10    Int:  7    God:    Beogh [**....]
Gold:   544        SH:  0    Dex:  9    Spells: 9/9 levels left

rFire   + . .        g - +4 battleaxe (heavy)
rCold   + . .        (shield currently unavailable)
rNeg    . . .        G - +0 scale mail of Youthful Indiscretion {rC+}
rPois   .            (no helmet)
rElec   .            B - +2 cloak {Stlth+}
rCorr   .            l - +1 pair of gloves
SInv    .            z - +0 pair of boots
Will    .....        (no amulet)
Stlth   +            (no ring)
HPRegen 0.34/turn    (no ring)
MPRegen 0.14/turn

%: clarity
@: mighty, on berserk cooldown, hasted and slowed, invisible
A: hooves 1, iridescent scales 1, clarity, fire resistance 1, frail 1, strong 1
a: Renounce Religion, Smiting


You were on level 9 of the Dungeon.
You worshipped Beogh.
Beogh was pleased with you.
You visited 1 branch of the dungeon, and saw 9 of its levels.

You collected 1097 gold pieces.
You spent 553 gold pieces at shops.

Inventory:

Hand Weapons
 a - a +1 war axe
 g - a +4 heavy battleaxe (weapon)
 A - a +2 war axe of venom
 F - the +4 sling "Mubleu" {freeze, +Blink rN+ rCorr}
   (You took it off an orc on level 5 of the Dungeon)

   rN:        It protects you from negative energy.
   +Blink:    It lets you blink.
   rCorr:     It protects you from acid and corrosion.
Missiles
 b - 3 atropa-tipped darts
 k - 2 javelins (quivered)
Armour
 c - a +0 buckler
 e - the +3 leather armour of the Equator {Rampage}
   (You found it on level 9 of the Dungeon)

   Rampage:   It bestows one free step when moving towards enemies.
 l - a +1 pair of gloves (worn)
 z - a +0 pair of boots (worn)
 B - a +2 cloak of stealth (worn)
 G - the +0 scale mail of Youthful Indiscretion (worn) {rC+}
   (You took it off an orc on level 5 of the Dungeon)

   rC:        It protects you from cold.
Magical Staves
 j - a staff of conjuration
Jewellery
 i - a ring of ice
 y - a ring of magical power
 I - a ring of protection from fire
Wands
 q - a wand of iceblast (1)
 C - a wand of flame (3)
 H - a wand of polymorph (12)
Scrolls
 h - a scroll of blinking
 m - 4 scrolls of teleportation
 o - a scroll of magic mapping
 D - a scroll of summoning
Potions
 d - 4 potions of might
 f - a potion of berserk rage
 n - 2 potions of haste
 p - 4 potions of lignification
 s - 2 potions of attraction
 u - 5 potions of curing
 v - a potion of mutation
 w - a potion of resistance
 x - 3 potions of degeneration
 E - 2 potions of brilliance {unknown}


   Skills:
 * Level 10.7 Fighting
 * Level 11.2 Axes
 + Level 7.3 Armour
 - Level 3.5 Shields
 + Level 7.3 Invocations
 + Level 5.5 Evocations


You had 9 spell levels left.
You didn't know any spells.
Your spell library contained the following spells:

 Spells                   Type           Power      Damage    Failure   Level
 Apportation              Tloc           0%         N/A       67%         1
 Kiss of Death            Conj/Necr      0%         2d5       67%         1
 Magic Dart               Conj           0%         1d3       67%         1
 Necrotise                Necr           0%         1d4       67%         1
 Blink                    Tloc           0%         N/A       80%         2
 Call Imp                 Summ           0%         N/A       80%         2
 Ensorcelled Hibernation  Hex/Ice        0%         N/A       80%         2
 Lesser Beckoning         Tloc           0%         N/A       80%         2
 Momentum Strike          Conj/Tloc      0%         3d8       80%         2
 Confusing Touch          Hex            0%         N/A       95%         3
 Hailstorm                Conj/Ice       0%         3d3       95%         3
 Mephitic Cloud           Conj/Pois/Air  0%         N/A       95%         3
 Portal Projectile        Hex/Tloc       0%         N/A       95%         3
 Spider Form              Tmut/Pois      0%         N/A       95%         3
 Tukima's Dance           Hex            0%         N/A       95%         3
 Vampiric Draining        Necr           0%         2d6       95%         3
 Volatile Blastmotes      Fire/Tloc      0%         2d10      95%         3
 Anguish                  Hex/Necr       0%         N/A       100%        4
 Dispel Undead            Necr           0%         3d6       100%        4
 Fulminant Prism          Conj/Hex       0%         3d5       100%        4
 Ice Form                 Ice/Tmut       0%         N/A       100%        4
 Iskenderun's Mystic Bla  Conj/Tloc      0%         2d3       100%        4
 Passage of Golubria      Tloc           0%         N/A       100%        4
 Agony                    Necr           0%         N/A       100%        5
 Alistair's Intoxication  Tmut/Pois      0%         N/A       100%        5
 Blade Hands              Tmut           0%         N/A       100%        5
 Lee's Rapid Deconstruct  Erth           0%         3d4*      100%        5
 Yara's Violent Unravell  Hex/Tmut       0%         3d3       100%        5
 Simulacrum               Ice/Necr       0%         N/A       100%        6


Dungeon Overview and Level Annotations

Branches:
Dungeon (9/15)             Temple (0/1) D:6
   Lair: D:8-11         Orc: D:9-12

Altars:
Elyvilon
Fedhas
Wu Jian
Xom
Zin
Beogh

Shops:
D:1 (   D:8 *   D:9 *


Innate Abilities, Weirdness & Mutations

You have large cloven feet.
You are partially covered in iridescent scales. (AC +2)
You possess an exceptional clarity of mind.
Your flesh is heat resistant. (rF+)
You are frail. (-10% HP)
Your muscles are strong. (Str +4, Int/Dex -1)


Message History

The vampire mosquito closely misses you.
The kobold brigand throws a curare-tipped dart.
The curare-tipped dart hits the acid dragon.
The vampire mosquito barely misses you.
You feel yourself speed up. The vampire mosquito bites you.
* * * LOW HITPOINT WARNING * * *
The vampire mosquito draws strength from your injuries!
The vampire mosquito barely misses you. The vampire mosquito bites you.
* * * LOW HITPOINT WARNING * * *
The vampire mosquito draws strength from your injuries!
The vampire mosquito bites you but does no damage.
The vampire mosquito bites you.
* * * LOW HITPOINT WARNING * * *
The vampire mosquito draws strength from your injuries!
You feel better. The vampire mosquito barely misses you.
The vampire mosquito bites you but does no damage.
The vampire mosquito barely misses you. x2
You closely miss the vampire mosquito.
The vampire mosquito is severely damaged.
You closely miss the vampire mosquito.
The vampire mosquito closely misses you.
The vampire mosquito bites you but does no damage. x3
The vampire mosquito misses you.
The acid dragon spits acid at the vampire mosquito.
The splash of acid hits the vampire mosquito!
The acid corrodes the vampire mosquito!
The vampire mosquito bites you but does no damage. x2
You closely miss the vampire mosquito.
The vampire mosquito is severely damaged.
You catch the helpless vampire mosquito completely off-guard!
You slice the vampire mosquito!!
You destroy the vampire mosquito!
Beogh accepts your kill. The vampire mosquito bites you.
* * * LOW HITPOINT WARNING * * *
The vampire mosquito draws strength from your injuries!
The vampire mosquito barely misses you. The acid dragon bites you.
* * * LOW HITPOINT WARNING * * *
The acid dragon claws you.
You die...

##.........#
###..###########
##...## #..
#..### #.. ##.##
#.. #..# #..
#.## ##. #.# #.
#@# #.


#yDo# +. ###DK/# ...# .... ..... .... ##.. # # You could see a steam dragon
(unable to see you), an acid dragon (unable to see you, catching breath), a
vampire mosquito (unable to see you), a kobold brigand (unable to see you) and
an orc (unable to see you).

Vanquished Creatures
  A two-headed ogre (D:9)
  The ghost of engelados the Conjurer, a novice OpCj of Vehumet (D:5)
  2 trolls (D:9)
  A hornet (D:9)
  6 yaks (D:8)
  A vampire mosquito (D:9)
  A steam dragon (D:6)
  A water moccasin (D:5)
  2 black bears
  A sky beast (D:6)
  3 ice beasts
  A centaur (D:8)
  3 phantoms
  2 kobold brigands
  A bullfrog (D:9)
  3 scorpions
  7 wights
  4 killer bees (D:9)
  5 howler monkeys
  6 hounds
  3 orc priests
  Crazy Yiuf (D:4)
  A jelly (D:7)
  Ijyb (D:5)
  6 iguanas
  2 sleepcaps
  7 orc wizards
  3 gnolls (D:4)
  4 adders
  A white imp (D:4)
  3 ufetubi (D:6)
  A dart slug (D:1)
  21 orcs
  4 bats
  6 endoplasms
  5 giant cockroaches
  7 goblins
  8 hobgoblins
  2 jackals (D:3)
  6 ball pythons
  3 frilled lizards
  18 kobolds
  8 rats
173 creatures vanquished.

Vanquished Creatures (others)
  A bullfrog (D:9)
  An endoplasm (D:4)
  A quokka (D:4)
3 creatures vanquished.

Grand Total: 176 creatures vanquished

Notes
Turn   | Place    | Note
-------+----------+-------------------------------------------
     0 | D:1      | Graphine the Hill Orc Fighter began the quest for the Orb.
     0 | D:1      | Reached XP level 1. HP: 19/19 MP: 1/1
   120 | D:1      | Reached skill level 3 in Axes
   120 | D:1      | Reached XP level 2. HP: 24/27 MP: 2/2
   451 | D:1      | Found Kedaw's Weapon Boutique.
   621 | D:1      | Identified a scroll of acquirement
   621 | D:1      | Acquired 665 gold pieces
   641 | D:1      | Bought a +3 heavy battleaxe for 401 gold pieces
   692 | D:2      | Reached XP level 3. HP: 31/33 MP: 3/3
   803 | D:2      | Found a faded altar of an unknown god.
  1501 | D:3      | Noticed a scorpion
  1506 | D:3      | Killed a scorpion
  1507 | D:3      | Reached skill level 4 in Axes
  1507 | D:3      | Reached skill level 1 in Invocations
  1507 | D:3      | Reached XP level 4. HP: 41/41 MP: 4/4
  1687 | D:3      | Found a shimmering altar of Xom.
  1690 | D:3      | Found a shimmering altar of Xom.
  1690 | D:3      | Found a shimmering altar of Xom.
  1691 | D:3      | Found a shimmering altar of Xom.
  1784 | D:3      | Reached skill level 1 in Evocations
  1784 | D:3      | Reached XP level 5. HP: 47/47 MP: 4/6
  1822 | D:3      | Reached skill level 5 in Fighting
  2271 | D:4      | Found a white marble altar of Elyvilon.
  2276 | D:4      | Noticed a phantom
  2476 | D:4      | Reached XP level 6. HP: 47/56 MP: 7/7
  2577 | D:4      | Reached skill level 5 in Axes
  2847 | D:4      | Found a runed translucent door.
  2848 | D:4      | Noticed Crazy Yiuf
  3200 | D:4      | Killed Crazy Yiuf
  3309 | D:5      | Entered Level 5 of the Dungeon
  3310 | D:5      | Gained mutation: You have large cloven feet. [potion of
                  | mutation]
  3310 | D:5      | Gained mutation: Your body sometimes deteriorates upon
                  | taking damage. [potion of mutation]
  3310 | D:5      | Gained mutation: You are partially covered in iridescent
                  | scales. (AC +2) [potion of mutation]
  3310 | D:5      | Gained mutation: You have hoof-like feet. [potion of
                  | mutation]
  3379 | D:5      | Reached XP level 7. HP: 62/62 MP: 9/9
  3431 | D:5      | Found an ornate altar of the Wu Jian Council.
  3499 | D:5      | Noticed Ijyb
  3509 | D:5      | Killed Ijyb
  3841 | D:5      | Reached skill level 6 in Axes
  4007 | D:5      | Became a worshipper of Beogh the Brigand
  4384 | D:5      | Reached XP level 8. HP: 71/71 MP: 10/10
  4428 | D:5      | Identified the +4 sling "Mubleu" {freeze, +Blink rN+ rCorr}
  4428 | D:5      | Identified the +0 scale mail of Youthful Indiscretion {rC+}
  4430 | D:5      | Noticed engelados's ghost (novice OpCj)
  4430 | D:5      | Found a runed translucent gate.
  4430 | D:5      | Found a runed translucent gate.
  4430 | D:5      | Found a runed translucent gate.
  4441 | D:5      | Found a roughly hewn altar of Beogh.
  4553 | D:5      | Reached skill level 7 in Axes
  4553 | D:5      | Reached skill level 5 in Armour
  4554 | D:5      | Killed engelados's ghost
  5002 | D:6      | Reached skill level 8 in Axes
  5049 | D:6      | Reached skill level 5 in Invocations
  5060 | D:6      | Reached XP level 9. HP: 81/81 MP: 12/12
  5186 | D:6      | Found a staircase to the Ecumenical Temple.
  5222 | D:6      | Reached * piety under Beogh
  5729 | D:7      | Reached skill level 9 in Axes
  6721 | D:8      | Reached ** piety under Beogh
  6737 | D:8      | Reached skill level 10 in Axes
  6737 | D:8      | Reached XP level 10. HP: 30/92 MP: 14/14
  6938 | D:8      | Found a blossoming altar of Fedhas.
  7043 | D:8      | Lost mutation: Your body sometimes deteriorates upon taking
                  | damage. [potion of mutation]
  7043 | D:8      | Lost mutation: You have hoof-like feet. [potion of
                  | mutation]
  7043 | D:8      | Gained mutation: You possess an exceptional clarity of
                  | mind. [potion of mutation]
  7043 | D:8      | Gained mutation: You are frail. (-10% HP) [potion of
                  | mutation]
  7043 | D:8      | Gained mutation: Your muscles are strong. (Str +4, Int/Dex
                  | -1) [potion of mutation]
  7043 | D:8      | Gained mutation: Your flesh is heat resistant. (rF+)
                  | [potion of mutation]
  7191 | D:8      | Found Hazar's Assorted Antiques.
  7670 | D:9      | Reached skill level 5 in Evocations
  7676 | D:9      | Reached skill level 10 in Fighting
  8123 | D:9      | Found a glowing silver altar of Zin.
  8319 | D:9      | Identified the +3 leather armour of the Equator {Rampage}
  8608 | D:9      | Found Ziujitsoheu's General Store.
  8616 | D:9      | Bought a scroll of summoning for 152 gold pieces
  8685 | D:9      | Noticed a two-headed ogre
  8689 | D:9      | Killed a two-headed ogre
  8690 | D:9      | Reached skill level 11 in Axes
  8710 | D:9      | HP: 4/84 [vampire mosquito (2)]
  8713 | D:9      | HP: 1/84 [acid dragon (4)]
  8713 | D:9      | Slain by an acid dragon

Illustrated notes

Levels and vault maps discovered:
D:1:      amcnicky_arrival_flooded_fountain, layout_basic, serial_shops, shop
D:2:      layout_basic, hellmonk_ecumenical_altar_run_dry, interstate_on_off
D:3:      layout_rooms, xom_redecorated, minmay_checkerbox
D:4:      layout_cave_pods, elyvilon_altar_4, uniq_crazy_yiuf_cottage
D:5:      layout_layer_cave, nzn_wu_jian_contemplation,
          biasface_ghost_orc_armoury, uniq_ijyb
D:6:      minmay_angry_zag, layout_gridville, temple_green
D:7:      layout_basic
D:8:      layout_loops_ring, fedhas_altar_4, serial_shops, kennysheep_mini_moat
D:9:      layout_basic, mainiacjoe_overflow_24_doors, serial_shops, shop,
          grunt_potential

Skill      XL: |  1  2  3  4  5  6  7  8  9 10 |
---------------+-------------------------------+-----
Axes           | 3 4 5 6 8 10 11 | 11.2
Fighting       | 4 5 6 8 9 10 | 10.7
Invocations    | 1 2 3 5 6 7 |  7.3
Evocations     | 1 2 3 4 5 |  5.5
Armour         | 4 5 6 7 |  7.3
Shields        | |  3.5

Action                     |  1- 3 |  4- 6 |  7- 9 | 10-12 || total
---------------------------+-------+-------+-------+-------++-------
  Melee: War axe           |    38 |       |       |       ||    38
         Battleaxe         |    17 |    67 |   193 |    64 ||   341
 Invoke: Convert to Beogh  |       |       |     1 |       ||     1
  Evoke: Wand              |       |       |    10 |     2 ||    12
    Use: Scroll            |     8 |     6 |     7 |     6 ||    27
         Potion            |       |     1 |     4 |     7 ||    12
   Stab: Invisible         |       |       |       |     2 ||     2
 Armour: Scale mail        |    28 |    71 |   218 |    68 ||   385
  Dodge: Dodged            |    28 |    33 |   159 |    89 ||   309
  Block: Buckler           |     5 |       |       |       ||     5
